 Dungeon Crawl Stone Soup version 0.22-a0-348-gd16d139 (webtiles) character file.

29 Amnesiac the Cutter (level 3, 0/18 HPs)
             Began as a Vine Stalker Gladiator on Apr 9, 2018.
             Slain by a goblin
             ... wielding a +0 club
              (2 damage)
             ... on level 2 of the Dungeon.
             The game lasted 00:01:02 (971 turns).

Amnesiac the Cutter (Vine Stalker Gladiator)         Turns: 971, Time: 00:01:03

Health: 0/18       AC:  6    Str: 17    XL:     3   Next: 16%
Magic:  0/4        EV: 12    Int:  8    God:
Gold:   91         SH:  0    Dex: 15    Spells: 2/2 levels left

rFire    . . .     SeeInvis .   a - +0 rapier
rCold    . . .     Gourm    .   (no shield)
rNeg     . . .     Faith    .   h - +0 ring mail
rPois    .         Spirit   +   c - +0 helmet
rElec    .         Reflect  .   (no cloak)
rCorr    .         Harm     .   (no gloves)
MR       .....                  (no boots)
Stlth    +.........             (no amulet)
HPRegen  0.06/turn              (no ring)
MPRegen  0.09/turn              (no ring)

@: no status effects
A: fangs 2, magic shield, antimagic bite, no potion heal 3, rot immunity
a: no special abilities


You were on level 2 of the Dungeon.
You were not hungry.

You visited 1 branch of the dungeon, and saw 2 of its levels.

You collected 91 gold pieces.

Inventory:

Hand Weapons
 a - a +0 rapier (weapon)
Missiles
 d - 3 throwing nets (quivered)
Armour
 c - a +0 helmet (worn)
 g - a +0 chain mail
 h - a +0 ring mail (worn)
Jewellery
 m - an uncursed ring of ice
Scrolls
 b - 2 scrolls of remove curse {!r, unknown}
 e - a scroll of identify {!r, unknown}
 i - a scroll of magic mapping {!r, unknown}
 j - a scroll of blinking {!r, unknown}
 l - 3 scrolls of fear {!r, unknown}
 n - a scroll of teleportation {!r, unknown}
Comestibles
 f - 7 rations


   Skills:
 - Level 1.7 Fighting
 + Level 3.8 Short Blades
 - Level 1.7 Throwing
 - Level 2.4 Dodging


You had 2 spell levels left.
You didn't know any spells.

Dungeon Overview and Level Annotations

Branches:
Dungeon (2/15)

Altars:


Innate Abilities, Weirdness & Mutations

You have extremely sharp teeth.
When hurt, damage is shared between your health and your magic reserves.
Your bite disrupts and absorbs the magic of your enemies.
Potions cannot restore your health.
You are immune to rotting.


Message History

You kill the jackal!
You puncture the jackal!
You kill the jackal!
You hit the jackal but do no damage.
The jackal is lightly wounded.
The jackal barely misses you. x2
You hit the jackal.
The jackal is lightly wounded.
The jackal bites you.
You barely miss the jackal. You bite the jackal, but do no damage.
The jackal is lightly wounded.
The jackal barely misses you.
You barely miss the jackal. You bite the jackal. You drain its power.
You feel invigorated.
The jackal is moderately wounded.
The jackal bites you but does no damage. x2
You closely miss the jackal. The jackal closely misses you.
You hit the jackal.
The jackal is severely wounded.
The jackal completely misses you. The jackal misses you.
You closely miss the jackal.
The jackal is severely wounded.
The jackal barely misses you.
You closely miss the jackal.
The jackal is severely wounded.
The jackal barely misses you.
You barely miss the jackal.
The jackal is severely wounded.
The jackal bites you but does no damage.
The jackal barely misses you.
You closely miss the jackal.
The jackal is severely wounded.
The jackal closely misses you.
You puncture the jackal!
You kill the jackal!
The bat closely misses you. The adder bites you.
You barely miss the adder. The bat closely misses you. x2
The adder misses you.
You miss the adder. The bat hits you but does no damage.
The adder barely misses you. The adder bites you but does no damage.
You hit the adder but do no damage. The adder misses you.
The goblin hits you but does no damage.
You hit the adder.
The adder is lightly wounded.
The adder completely misses you. The goblin hits you but does no damage.
You miss the adder.
The adder is lightly wounded.
The adder closely misses you. The adder bites you but does no damage.
The goblin closely misses you.
You hit the adder but do no damage.
The adder is lightly wounded.
The adder bites you but does no damage.
You miss the adder. You bite the adder, but do no damage.
The adder is lightly wounded.
The goblin barely misses you. The adder bites you.
* * * LOW HITPOINT WARNING * * *
You miss the adder.
The adder is lightly wounded.
The adder misses you. The goblin barely misses you. The adder bites you.
* * * LOW HITPOINT WARNING * * *
You miss the adder.
The adder is lightly wounded.
The goblin hits you with a club.
You die...

..### ......#####
......S@gb########
....?.###g##.....#######
............gw....†.....
..##....#.##............
. #...............<....
#....#.##......#.....
#.>..................
#....#.####.#...##...
#..= #.# #......+...


You could see an adder, a hobgoblin, a goblin and a bat.

Vanquished Creatures
  4 bats (D:1)
  3 goblins (D:1)
  2 hobgoblins (D:1)
  9 jackals (D:2)
  A frilled lizard (D:2)
  5 kobolds (D:1)
  A rat (D:1)
25 creatures vanquished.

Notes
Turn   | Place    | Note
-------+----------+-------------------------------------------
     0 | D:1      | Amnesiac the Vine Stalker Gladiator began the quest for the Orb.
     0 | D:1      | Reached XP level 1. HP: 11/11 MP: 2/2
   227 | D:1      | Reached skill level 3 in Short Blades
   332 | D:1      | Reached XP level 2. HP: 15/15 MP: 3/3
   946 | D:2      | Reached XP level 3. HP: 4/18 MP: 2/4
   971 | D:2      | Slain by a goblin

Vault maps used:
D:1:      matt_arrival_los_fun
D:2:      kennysheep_six_static_rooms, first_ration, nrook_mini_backslash,
          fedhas_altar_3

Skill      XL: |  1 |
---------------+----+-----
Short Blades   | 3 |  3.8
Fighting       | |  1.7
Throwing       | |  1.7
Dodging        | |  2.4

Action                   || total
-------------------------++-------
Melee: Rapier            ||    82
       Bite              ||    18
  Use: Potion            ||     1
Armor: Ring mail         ||    60
       Leather armour    ||     3
Dodge: Dodged            ||   114

Table legend:
 A = Spawn XP
 B = Non-spawn XP
 C = Spawn XP percentage of total XP
 D = Spawn monster count
 E = Non-spawn monster count
 F = Spawn count percentage of total count
 G = Total turns spent on level
                    A         B        C        D         E        F      G
               +---------+---------+-------+---------+---------+-------+---------
         Total |       0 |      42 |   0.0 |       0 |      25 |   0.0 |   971
               +---------+---------+-------+---------+---------+-------+---------
           D:1 |       0 |      23 |   0.0 |       0 |      15 |   0.0 |   903
           D:2 |       0 |      19 |   0.0 |       0 |      10 |   0.0 |    68
               +---------+---------+-------+---------+---------+-------+---------
